 Dungeon Crawl Stone Soup version 0.30-a0-1053-gbd8d5ba0ad (webtiles) character file.

Game seed: 17861930215575703645

7099 cforsyth the Summoner (level 11, -15/54 (61) HPs)
             Began as an Octopode Summoner on Apr 12, 2023.
             Was an Initiate of Gozag.
             Shot with a sling bullet by Joseph (20 damage)
             ... on level 9 of the Dungeon.
             The game lasted 00:23:17 (9473 turns).

cforsyth the Summoner (Octopode Summoner)           Turns: 9473, Time: 00:23:18

HP:   -15/54 (61)   AC:  1    Str:  5    XL:     11   Next: 10%
MP:   33/44         EV: 13    Int: 32    God:    Gozag
Gold: 740           SH:  0    Dex: 13    Spells: 20/33 levels left

rFire   + + +      SeeInvis .    l - staff of fire "Byatatat" {rF+ MP+9 Str-3 Int+5 Stlth-}
rCold   . . .      Faith    .    (no shield)
rNeg    . . .      Spirit   .    (helmet restricted)
rPois   .          Reflect  .    w - amulet of regeneration
rElec   .          Rampage  .    d - +6 ring of intelligence
rCorr   +                        p - ring of protection from fire
Will    .....                    q - ring of magical power
Stlth   ++                       t - ring of resist corrosion
HPRegen 1.09/turn                y - ring of protection from fire
MPRegen 0.29/turn                (no ring)
                                 (no ring)
                                 (no ring)

@: heavily drained
A: almost no armour, amphibious, 8 rings, camouflage 1, gelatinous body 1,
(nimble swimmer 1), tentacles
a: Renounce Religion, Potion Petition, Call Merchant, Bribe Branch


You were on level 9 of the Dungeon.
You worshipped Gozag.
Gozag was pleased with you.
You visited 2 branches of the dungeon, and saw 10 of its levels.
You also visited: Bailey.

You collected 836 gold pieces.
You paid 96 gold pieces to Gozag.

Inventory:

Magical Staves
 l - the staff of fire "Byatatat" (weapon) {rF+ MP+9 Str-3 Int+5 Stlth-}
   (You found it on level 2 of the Dungeon)

   [staff of fire]

   Base accuracy: +5 Base damage: 5 Base attack delay: 1.2 This weapon's minimum
   attack delay (0.6) is reached at skill level 12.
   Str:       It affects your strength (-3).
   Int:       It affects your intelligence (+5).
   rF:        It protects you from fire.
   MP:        It affects your magic capacity (+9).
   Stlth:     It makes you less stealthy.
   It falls into the 'Staves' category.
   It is a one-tentacled weapon.
Jewellery
 d - a +6 ring of intelligence (left tentacle)
 p - a ring of protection from fire (right tentacle)
 q - a ring of magical power (on tentacle)
 t - a ring of resist corrosion (on tentacle)
 v - an amulet of guardian spirit
 w - an amulet of regeneration (around mantle)
 y - a ring of protection from fire (on tentacle)
 E - a ring of ice
Wands
 b - a wand of charming (3)
 B - a wand of iceblast (12)
 G - a wand of flame (5)
Scrolls
 c - a scroll of enchant armour
 g - a scroll of poison
 h - a scroll of butterflies
 i - a scroll of blinking
 j - 2 scrolls of teleportation
 k - a scroll of torment
 o - 2 scrolls of immolation
 C - a scroll of identify
 D - a scroll of silence
 F - a scroll of fear
Potions
 a - 2 potions of magic
 e - 4 potions of heal wounds
 f - 2 potions of lignification
 m - 2 potions of curing
 n - 3 potions of mutation
 r - 2 potions of cancellation
 s - 4 potions of haste {unknown}
 u - 3 potions of brilliance
 x - a potion of resistance
 z - 2 potions of might
 A - 3 potions of invisibility


   Skills:
 - Level 2.0 Dodging
 - Level 2.6 Stealth
 + Level 11.5 Spellcasting
 - Level 3.0 Hexes
 + Level 12.9 Summonings
 - Level 3.0 Air Magic


You had 20 spell levels left.
You knew the following spells:

 Your Spells              Type           Power      Damage    Failure   Level
a - Summon Small Mammal   Summ           100%       N/A       0%          1
b - Call Imp              Summ           100%       N/A       1%          2
c - Call Canine Familiar  Summ           80%        N/A       1%          3
d - Summon Guardian Gole  Hex/Summ       62%        N/A       1%          3
e - Summon Lightning Spi  Summ/Air       62%        N/A       1%          4

Your spell library contained the following spells:

 Spells                   Type           Power      Damage    Failure   Level
 Apportation              Tloc           36%        N/A       2%          1
 Necrotise                Necr           72%        1d7       2%          1
 Blink                    Tloc           36%        N/A       4%          2
 Lesser Beckoning         Tloc           36%        N/A       4%          2
 Momentum Strike          Conj/Tloc      36%        3d9       4%          2
 Manifold Assault         Tloc           18%        N/A       26%         4
 Spellforged Servitor     Conj/Summ      28%        N/A       83%         7
 Orb of Destruction       Conj           9%         9d6       100%        7
 Storm Form               Tmut/Air       14%        N/A       100%        7


Dungeon Overview and Level Annotations

Branches:
Dungeon (9/15)             Temple (1/1) D:7          Bailey (visited)
   Lair: D:8-11         Orc: D:9-12

Altars:
Ashenzari
Cheibriados
Dithmenos
Elyvilon
Fedhas
Gozag
Hepliaklqana
Makhleb
Nemelex Xobeh
Okawaru
Qazlal
Sif Muna
Uskayaw
Vehumet
Xom
Yredelemnul
Zin
The Shining One

Annotations:
D:3 4 transporters, roninjake's ghost, amateur GnCj
D:6 3 runed translucent doors, demibob's ghost, novice DsGl
D:9 Joseph


Innate Abilities, Weirdness & Mutations

You cannot wear most types of armour.
You are amphibious.
You can wear up to eight rings at the same time.
Your skin changes colour to match your surroundings (Stealth+).
Your rubbery body absorbs attacks. (AC +1, EV +1)
((You are camouflaged when in or above water. (Stealth+)))
You have tentacles for arms and can constrict up to eight enemies at once.


Message History

The floor.
Done exploring.
Done exploring.
(D) Dungeon (T) Temple
Where to? (Enter - D:8 @ (x,y), ? - help)
There is an open door here.
You see here 4 stones.
There is a stone staircase leading down here.
You climb downwards.
Found a stone staircase leading up.
There is a stone staircase leading up here.
Joseph is nearby!
Casting: Call Imp (safe; 1% risk of failure)
Confirm with . or Enter, or press ? or * to list all spells.
An electric hum fills the air.
Joseph hits you with a +0 quarterstaff of draining!
You feel drained.
Casting: Summon Lightning Spire (dangerous; 1% risk of failure)
Confirm with . or Enter, or press ? or * to list all spells.
A guardian golem appears, shielding your allies.
Joseph closely misses you.
Casting: Summon Guardian Golem (safe; 1% risk of failure)
Confirm with . or Enter, or press ? or * to list all spells.
Joseph hits you with a +0 quarterstaff of draining!
You feel drained.
Casting: Call Canine Familiar (safe; 1% risk of failure)
Confirm with . or Enter, or press ? or * to list all spells.
A tiny devil pulls itself out of the air.
Your warg bites Joseph!
Joseph hits you with a +0 quarterstaff of draining!!
* * * LOW HITPOINT WARNING * * *
You feel drained.
* * * LOW HITPOINT WARNING * * *
You swap places.
Your warg bites Joseph!
Your cerulean imp hits Joseph with a +1 spear.
Joseph unwields a +0 quarterstaff of draining.
Joseph wields a +0 sling.
Joseph shoots a sling bullet.
The sling bullet hits you!!
You die...
Your body crumbles into a pile of gold.

###+#####
#.......#
#.....<.+
#.......#
#.......#
#...9...#
#..8@5..#
#..h..@.#
####+####


You could see Joseph (ally target), a friendly guardian golem (summoned), a
friendly warg (summoned, sheltered), a friendly lightning spire (summoned,
sheltered) and a friendly cerulean imp (summoned, sheltered).

Vanquished Creatures
  A vampire bat (Bailey)
  A jelly (D:5)
  2 worms (D:4)
  An orc (D:4)
  2 ball pythons
  3 endoplasms
  A giant cockroach (D:4)
  2 goblins
  A jackal (D:4)
  A quokka (D:3)
  2 bats (D:2)
  An orc zombie (Bailey)
18 creatures vanquished.

Vanquished Creatures (collateral kills)
  Erica (D:8)
  A gargoyle (Bailey)
  A vampire (Bailey)
  2 wyverns (D:8)
  2 yaks (D:8)
  A nameless horror (D:4)
  2 water moccasins (D:7)
  An ice beast (D:7)
  2 sky beasts (D:7)
  An orc warrior (D:7)
  3 ogres
  3 centaurs
  2 phantoms
  2 kobold brigands (D:7)
  A bullfrog (D:8)
  A scorpion (D:7)
  3 killer bees (D:8)
  2 howler monkeys (D:8)
  8 vampire bats (Bailey)
  2 wolf zombies (Bailey)
  A centaur zombie (D:3)
  8 hounds
  2 gnoll boudas
  5 jellies
  2 orc priests
  2 iguanas
  4 sleepcaps
  3 orc wizards
  10 gnolls
  3 adders
  2 shadow imps
  2 white imps
  3 adder skeletons (D:3)
  An adder zombie (D:3)
  6 worms
  A dart slug (D:3)
  16 orcs
  6 endoplasms
  3 giant cockroaches
  8 goblins
  4 hobgoblins
  3 jackals (D:4)
  2 quokkas (D:3)
  6 ball pythons
  A ball python skeleton (D:3)
  4 bats
  4 frilled lizards
  A goblin zombie (D:7)
  4 kobolds
  A kobold zombie (D:7)
  3 orc skeletons (D:7)
  18 orc zombies
  2 rats
182 creatures vanquished.

Vanquished Creatures (others)
  A manticore (D:8)
  4 yaks (D:8)
  A wraith (D:7)
  A sky beast (D:8)
  An ogre (D:2)
  A howler monkey (D:8)
  2 wolf zombies (Bailey)
  2 gnolls (D:5)
  14 fungi (D:6)
  3 withered plants (D:3)
30 creatures vanquished.

Grand Total: 230 creatures vanquished

Notes
Turn   | Place    | Note
-------+----------+-------------------------------------------
     0 | D:1      | cforsyth the Octopode Summoner began the quest for the Orb.
     0 | D:1      | Reached XP level 1. HP: 11/11 MP: 3/3
   291 | D:1      | Reached XP level 2. HP: 17/17 MP: 1/5
   542 | D:2      | Identified the +2 scale mail "Luurr" {rElec Will+ Dex+2}
   596 | D:2      | Learned a level 2 spell: Call Imp
  1077 | D:2      | Reached XP level 3. HP: 21/21 MP: 3/6
  1110 | D:2      | You fall into a shaft and drop 2 floors!
  1547 | D:4      | Noticed an ogre
  1705 | D:3      | Found a transporter.
  1712 | D:3      | Noticed roninjake's ghost (amateur GnCj)
  1793 | D:4      | Learned a level 3 spell: Call Canine Familiar
  1996 | D:3      | Reached XP level 4. HP: 27/27 MP: 3/8
  2000 | D:3      | Learned a level 3 spell: Summon Guardian Golem
  2199 | D:3      | Found a transporter.
  2203 | D:3      | Found a burning altar of Makhleb.
  2205 | D:3      | Found a stormy altar of Qazlal.
  2529 | D:2      | Noticed an ogre
  2537 | D:2      | Killed an ogre
  2538 | D:2      | Reached skill level 1 in Hexes
  2538 | D:2      | Reached skill level 5 in Summonings
  2538 | D:2      | Reached XP level 5. HP: 31/31 MP: 5/10
  2582 | D:2      | Identified the staff of fire "Byatatat" {rF+ MP+9 Str-3
                  | Int+5 Stlth-}
  3241 | D:3      | Found a transporter.
  3259 | D:3      | Found a transporter.
  3440 | D:3      | Reached XP level 6. HP: 22/36 MP: 11/11
  3944 | D:4      | Learned a level 4 spell: Summon Lightning Spire
  4104 | D:4      | Reached skill level 6 in Summonings
  4104 | D:4      | Reached skill level 1 in Air Magic
  4104 | D:4      | Reached XP level 7. HP: 36/41 MP: 13/13
  4115 | D:4      | Noticed a nameless horror
  4121 | D:4      | Killed a nameless horror
  4356 | D:4      | Found an iron altar of Okawaru.
  4413 | D:4      | Found a radiant altar of Vehumet.
  4822 | D:5      | Entered Level 5 of the Dungeon
  4822 | D:5      | Found a shadowy altar of Dithmenos.
  5009 | D:5      | HP: 1/41 [hound (5)]
  5223 | D:5      | Reached skill level 5 in Spellcasting
  5570 | D:6      | Reached XP level 8. HP: 46/46 MP: 15/15
  5578 | D:6      | Reached skill level 11 in Summonings
  5578 | D:6      | Reached XP level 9. HP: 51/51 MP: 22/22
  5844 | D:6      | Found a runed translucent gate.
  5845 | D:6      | Found a runed translucent gate.
  5846 | D:6      | Found a runed translucent gate.
  5852 | D:6      | Noticed demibob's ghost (novice DsGl)
  5981 | D:6      | Found a shimmering blue altar of Sif Muna.
  6304 | D:7      | Reached skill level 10 in Spellcasting
  6473 | D:7      | Found the +7 Kryia's mail coat {PotionHeal*2 rC+}
  6501 | D:7      | Found a glowing golden altar of the Shining One.
  7054 | D:7      | Reached XP level 10. HP: 56/56 MP: 24/24
  7253 | D:7      | Found a staircase to the Ecumenical Temple.
  7433 | Temple   | Entered the Ecumenical Temple
  7447 | Temple   | Became a worshipper of Gozag Ym Sagoz the Greedy
  7600 | D:7      | Reached skill level 12 in Summonings
  7653 | D:8      | Noticed a manticore
  7663 | D:8      | Killed a manticore
  7766 | D:8      | Noticed Erica
  7778 | D:8      | Killed Erica
  7812 | D:8      | Found a flagged portal.
  7866 | Bailey   | Entered a bailey
  8049 | Bailey   | Noticed a gargoyle
  8057 | Bailey   | Killed a gargoyle
  8143 | Bailey   | Reached XP level 11. HP: 61/61 MP: 26/26
  8598 | D:8      | Identified the +10 short sword "Ybras" {pain, Fly rElec
                  | Int-3 SInv}
  9089 | D:8      | Found the +7 Throatcutter {drain, coup de grace}
  9468 | D:9      | Noticed Joseph
  9473 | D:9      | Shot with a sling bullet by Joseph

Illustrated notes

Levels and vault maps discovered:
D:1:      nzn_arrival_settlement, layout_rooms
D:2:      layout_basic, st_stairs_5
D:3:      gammafunk_steamed_eel, layout_basic,
          chequers_temple_overflow_statue_of_worship, serial_undead,
          serial_undead_f, serial_undead_e, serial_undead_d, serial_undead_e,
          gammafunk_ghost_stat_death, minmay_ruptured
D:4:      layout_layer_cave, nicolae_overflow_hidden_temple, okawaru_trees_1,
          nicolae_wormholes
D:5:      layout_cave_pools, grunt_dithmenos_smoke_and_mirrors
D:6:      layout_cave_pools, mainiacjoe_overflow_chevrons,
          ebering_ghost_rock_garden
D:7:      layout_basic, nicolae_tso_besieged_by_evil,
          minmay_temple_entry_arrows, minmay_joined_circles
D:8:      layout_basic, lightli_bailey_entry_fortress, dk_noncrumbling_3,
          uniq_erica
D:9:      layout_roguey, marbit_many_paths, nicolae_transporter_intersection,
          uniq_erolcha, uniq_joseph
Temple:   eino_temple_lava

Skill      XL: |  1  2  3  4  5  6  7  8  9 10 |
---------------+-------------------------------+-----
Spellcasting   | 3 4 5 9 10 11 | 11.5
Hexes          | 1 2 3 |  3.0
Summonings     | 5 6 11 12 | 12.9
Air Magic      | 1 3 |  3.0
Dodging        | |  2.0
Stealth        | |  2.6

Action                     |  1- 3 |  4- 6 |  7- 9 | 10-12 || total
---------------------------+-------+-------+-------+-------++-------
  Melee: Unarmed           |    42 |     5 |       |       ||    47
         Constrict         |    12 |     5 |     4 |     2 ||    23
         Tentacles         |     8 |     5 |     1 |     2 ||    16
         Staff             |       |     9 |    11 |     9 ||    29
         Punch             |       |       |     1 |       ||     1
   Cast: Summon Small Mamm |    43 |    30 |    35 |    18 ||   126
         Call Imp          |     6 |    12 |    17 |    13 ||    48
         Call Canine Famil |     2 |    11 |    19 |    17 ||    49
         Summon Guardian G |       |     3 |    10 |    16 ||    29
         Summon Lightning  |       |       |    19 |    19 ||    38
  Evoke: Wand              |     1 |       |       |       ||     1
    Use: Scroll            |     1 |       |    12 |     7 ||    20
         Potion            |       |       |     2 |     2 ||     4
   Stab: Sleeping          |     2 |     1 |       |       ||     3
 Armour: Skin              |     6 |     1 |     2 |     1 ||    10
  Dodge: Dodged            |    32 |    11 |    23 |    26 ||    92

Table legend: (Time is in decaauts)
 A = Elapsed time spent in this place.
 B = Non-inter-level travel time spent in this place.
 C = Inter-level travel time spent in this place.
 D = Time resting spent in this place.
 E = Time spent auto-exploring this place.
 F = Levels seen in this place.
 G = Mean time per level.
                   A        B        C        D        E       F      G
               +--------+--------+--------+--------+--------+-----+--------+
         Total |   9475 |   9124 |    351 |    439 |   6736 |  11 |  861.4 |
       Dungeon |   8830 |   8489 |    341 |    408 |   6429 |   9 |  981.1 |
        Temple |     23 |     14 |      9 |      0 |      3 |   1 |   23.0 |
        Bailey |    621 |    621 |      0 |     31 |    304 |   1 |  621.0 |
               +--------+--------+--------+--------+--------+-----+--------+

Top non-repeatable levels by time:
     D:4: 1674 daAuts
     D:3: 1418 daAuts
     D:7: 1313 daAuts
     D:2: 1239 daAuts
     D:8: 1219 daAuts
     D:5: 742 daAuts
     D:6: 726 daAuts
  Bailey: 621 daAuts
     D:1: 491 daAuts
  Temple: 23 daAuts
     D:9: 4 daAuts
